 Dungeon Crawl Stone Soup version 0.29.1-15-g9cfb28693d (webtiles) character file.

Game seed: 6666873276664313983

134 promet the Chopper (level 5, -4/44 HPs)
             Began as a Hill Orc Gladiator on Mar 14, 2023.
             Slain by a steam dragon (6 damage)
             ... on level 4 of the Dungeon on Mar 15, 2023.
             The game lasted 00:20:31 (4575 turns).

promet the Chopper (Hill Orc Gladiator)             Turns: 4575, Time: 00:20:32

Health: -4/44      AC:  7    Str: 17    XL:     5   Next: 17%
Magic:  0/5        EV: 11    Int: 10    God:
Gold:   176        SH:  5    Dex: 12    Spells: 4/4 levels left

rFire   + . .      SeeInvis .   a - +0 war axe
rCold   + . .      Faith    .   q - +2 buckler
rNeg    . . .      Spirit   +   j - +0 leather armour
rPois   +          Reflect  .   c - +1 helmet
rElec   +          Harm     .   (no cloak)
rCorr   +          Rampage  .   u - +0 pair of gloves
Will    .....                   y - +0 pair of boots
Stlth   +.........              g - amulet of guardian spirit
HPRegen 0.14/turn               (no ring)
MPRegen 0.09/turn               (no ring)

@: resistant
A: no striking features
a: no special abilities


You were on level 4 of the Dungeon.
You visited 1 branch of the dungeon, and saw 4 of its levels.

You collected 176 gold pieces.

Inventory:

Hand Weapons
 a - a +0 war axe (weapon)
 b - a +0 sling
 r - a +0 trident
 s - a +0 falchion
Missiles
 d - 3 throwing nets
 l - 29 stones (quivered)
Armour
 c - a +1 helmet (worn)
 j - a +0 leather armour (worn)
 q - a +2 buckler (worn)
 t - a +0 chain mail
 u - a +0 pair of gloves (worn)
 y - a +0 pair of boots (worn)
Jewellery
 g - an amulet of guardian spirit (around neck)
 h - a ring of ice
 w - a ring of poison resistance
Scrolls
 x - 3 scrolls of identify
Potions
 f - a potion of flight {unknown}
 i - a potion of curing {unknown}
 k - 4 potions of attraction
 o - 2 potions of resistance
 p - a potion of mutation {unknown}
 z - a potion of invisibility {unknown}


   Skills:
 + Level 2.9 Fighting
 + Level 5.8 Axes
 + Level 0.4 Ranged Weapons
 + Level 1.9 Throwing
 + Level 1.8 Armour
 + Level 2.9 Dodging
 + Level 0.3 Stealth
 + Level 0.5 Shields


You had 4 spell levels left.
You didn't know any spells.
Your spell library contained the following spells:

 Spells                   Type           Power      Damage    Failure   Level
 Summon Small Mammal      Summ           0%         N/A       54%         1
 Call Canine Familiar     Summ           0%         N/A       88%         3
 Summon Guardian Golem    Hex/Summ       0%         N/A       88%         3


Dungeon Overview and Level Annotations

Branches:
Dungeon (4/15)             Temple (0/1) D:4

Altars:
The Shining One

Annotations:
D:3 Dowan, Duvessa


Message History

Unknown command.
You climb downwards.
Level annotation: Dowan, Duvessa
There is a stone staircase leading up here.
Done exploring.
There is a stone staircase leading up here.
You see here a +0 whip.
There is a stone staircase leading down here.
You climb downwards.
There is a stone staircase leading up here.
A steam dragon comes into view.
Found a silver ring.
The steam dragon hisses angrily.
The steam dragon breathes steam at you. The ball of steam misses you.
The steam dragon breathes steam at you. The ball of steam hits you!
The steam dragon barely misses you.
The steam dragon claws you but does no damage.
The steam dragon bites you!
The steam dragon claws you but does no damage.
You hit the steam dragon.
The steam dragon is lightly wounded.
The steam dragon closely misses you. The steam dragon barely misses you.
You closely miss the steam dragon.
The steam dragon is lightly wounded.
The steam dragon breathes steam at you. The ball of steam hits you!
The steam dragon barely misses you. The steam dragon claws you.
* * * LOW HITPOINT WARNING * * *
There is a stone staircase leading up here.
You barely miss the steam dragon.
The steam dragon is lightly wounded.
The steam dragon completely misses you. The steam dragon misses you.
The steam dragon breathes steam at you. The ball of steam hits you!
* * * LOW HITPOINT WARNING * * *
You feel protected. The steam dragon bites you!
You die...

##.###**,*,*,###..#..#.#
#...#..,,*,,,#..##.#..#.
*##.....=,***,###..##.#..#
*.......####,,#..#####.#..
**,.....#..#,###..#,,##.#.
***#......#,#.W###,,,##.#
#......####..#,,*,,##.
***###...ยง##..###,**,,,##
*.*#...D@####B.#,,*,,*,,#
*#..#...W###..###,**,**,,,
*.........##...+,,*,,*,,*,
#..#.......##.############
##,##.........##.......##.
**#................#.....
#....#....#.......##..#.
#....###..##.......####.
#.....##..........##....


You could see a steam dragon (catching breath) and a phantom.

Vanquished Creatures
  3 gnolls (D:3)
  2 adders (D:2)
  A worm (D:2)
  2 dart slugs (D:2)
  4 orcs
  3 bats
  7 endoplasms
  6 giant cockroaches
  8 goblins
  6 hobgoblins
  3 jackals (D:1)
  7 quokkas
  5 ball pythons
  2 frilled lizards
  5 kobolds
  4 rats
68 creatures vanquished.

Notes
Turn   | Place    | Note
-------+----------+-------------------------------------------
     0 | D:1      | promet the Hill Orc Gladiator began the quest for the Orb.
     0 | D:1      | Reached XP level 1. HP: 18/18 MP: 1/1
    33 | D:1      | Found a faded altar of an unknown god.
   300 | D:1      | Reached XP level 2. HP: 20/25 MP: 2/2
   952 | D:1      | Reached XP level 3. HP: 30/30 MP: 3/3
  1031 | D:1      | Reached skill level 5 in Axes
  1450 | D:2      | Reached skill level 1 in Armour
  1659 | D:2      | Reached XP level 4. HP: 37/37 MP: 4/4
  2012 | D:2      | You fall into a shaft and drop 1 floor!
  2960 | D:3      | Reached XP level 5. HP: 23/44 MP: 3/5
  3527 | D:4      | Found a glowing golden altar of the Shining One.
  3543 | D:4      | Found a staircase to the Ecumenical Temple.
  3753 | D:4      | Noticed a phantom
  3753 | D:4      | Noticed a black bear
  4014 | D:4      | Noticed Duvessa
  4015 | D:4      | Noticed Dowan
  4560 | D:4      | Noticed a steam dragon
  4574 | D:4      | HP: 2/44 [steam dragon/ball of steam (10)]
  4575 | D:4      | Slain by a steam dragon

Illustrated notes

Levels and vault maps discovered:
D:1:      lemuel_arrival_river_ford, layout_loops_ring,
          hellmonk_ecumenical_altar_arch_garden, hangedman_decor_lopped
D:2:      layout_basic
D:3:      layout_loops_ring
D:4:      minmay_razor_zed, layout_cave_pools, nicolae_overflow_crystal_walls,
          minmay_temple_entry_glass, uniq_duvessa

Skill      XL: |  1  2  3 |
---------------+----------+-----
Axes           | 5 |  5.8
Armour         | 1 |  1.8
Fighting       | |  2.9
Ranged Weapons | |  0.4
Throwing       | |  1.9
Dodging        | |  2.9
Stealth        | |  0.3
Shields        | |  0.5

Action                   |  1- 3 |  4- 6 || total
-------------------------+-------+-------++-------
Melee: War axe           |    87 |   130 ||   217
       Punch             |     3 |       ||     3
 Fire: Sling             |     8 |     2 ||    10
Throw: Javelin           |       |     1 ||     1
       Stone             |       |     1 ||     1
  Use: Scroll            |     4 |    12 ||    16
       Potion            |       |     1 ||     1
 Stab: Sleeping          |     1 |     1 ||     2
       Distracted        |       |     1 ||     1
Armor: Leather armour    |    22 |    60 ||    82
Dodge: Dodged            |    56 |    81 ||   137
Block: Buckler           |       |    35 ||    35
